 Dungeon Crawl Stone Soup version 0.30-a0-371-gad7725a93e (webtiles) character file.

Game seed: 3535061091080068145

631 Twinkles the Shooter (level 7, -10/44 HPs)
             Began as a Gargoyle Hunter on Nov 23, 2022.
             Mangled by an ice beast (11 damage)
             ... on level 5 of the Dungeon.
             The game lasted 00:11:01 (3280 turns).

Twinkles the Shooter (Gargoyle Hunter)              Turns: 3280, Time: 00:11:02

Health: -10/44     AC: 15    Str: 18    XL:     7   Next: 48%
Magic:  7/7        EV:  8    Int: 10    God:
Gold:   230        SH:  0    Dex: 20    Spells: 6/6 levels left

rFire   + . .      SeeInvis .    a - +0 shortbow
rCold   . . .      Faith    .    (shield currently unavailable)
rNeg    + . .      Spirit   .    u - +3 chain mail of an ossuary {rF+ Str+4 Dex+5}
rPois   ∞          Reflect  .    (no helmet)
rElec   +          Harm     .    (no cloak)
rCorr   +          Rampage  .    (no gloves)
Will    +....                    (no boots)
Stlth   ..........               (no amulet)
HPRegen 0.27/turn                r - ring of willpower
MPRegen 0.10/turn                b - ring of resist corrosion

@: no status effects
A: sickness immunity, AC +4, negative energy resistance 1, electricity
resistance, torment resistance 1, petrification resistance
a: no special abilities


You were on level 5 of the Dungeon.
You visited 1 branch of the dungeon, and saw 6 of its levels.
You also visited: Sewer.

You collected 230 gold pieces.

Inventory:

Hand Weapons
 a - a +0 shortbow (weapon)
Missiles
 w - 9 poisoned darts
Armour
 c - a +0 leather armour
 u - the +3 chain mail of an ossuary (worn) {rF+ Str+4 Dex+5}
   (You found it on level 3 of the Dungeon)

   Str:       It affects your strength (+4).
   Dex:       It affects your dexterity (+5).
   rF:        It protects you from fire.
Jewellery
 b - a ring of resist corrosion (right hand)
 r - a ring of willpower (left hand)
 v - a ring of wizardry
Wands
 y - a wand of mindburst (22)
Scrolls
 e - 3 scrolls of butterflies
 f - a scroll of blinking {unknown}
 i - a scroll of magic mapping {unknown}
 k - a scroll of enchant armour {unknown}
 l - a scroll of acquirement {unknown}
 o - a scroll of teleportation {unknown}
 p - 2 scrolls of poison
 s - a scroll of summoning {unknown}
 t - a scroll of fear {unknown}
 K - a scroll of immolation
 Z - a scroll of identify
Potions
 g - a potion of magic {unknown}
 h - a potion of heal wounds {unknown}
 m - a potion of brilliance {unknown}
 n - a potion of mutation {unknown}
 C - 2 potions of cancellation
 G - a potion of ambrosia
 H - a potion of haste
 M - 2 potions of might
 R - a potion of resistance


   Skills:
 + Level 4.7 Fighting
 + Level 5.6 Ranged Weapons
 + Level 3.5 Dodging
 + Level 4.6 Stealth


You had 6 spell levels left.
You didn't know any spells.
Your spell library contained the following spells:

 Spells                   Type           Power      Damage    Failure   Level
 Foxfire                  Conj/Fire      0%         2x1d4     99%         1
 Magic Dart               Conj           0%         1d3       99%         1
 Searing Ray              Conj           0%         2d4       100%        2
 Static Discharge         Conj/Air       0%         2-2/arc   100%        2
 Vhi's Electric Charge    Tloc/Air       0%         N/A       100%        3
 Fulminant Prism          Conj/Hex       0%         3d5       100%        4
 Arcjolt                  Conj/Air       0%         1d10      100%        5
 Fireball                 Conj/Fire      0%         3d3       100%        5
 Lightning Bolt           Conj/Air       0%         1d11      100%        5
 Starburst                Conj/Fire      0%         6d3       100%        6
 Maxwell's Capacitive Co  Air            0%         ∞         100%        8


Dungeon Overview and Level Annotations

Branches:
Dungeon (6/15) Zot: 25922   Sewer (visited)
 Temple: D:4-7

Altars:
Gozag
Wu Jian


Innate Abilities, Weirdness & Mutations

You are immune to sickness and miasma.
Your stone body is resilient. (AC +4)
You are immune to poison.
You resist negative energy. (rN+)
You are resistant to electric shocks. (rElec)
You are resistant to unholy torment.
You are immune to petrification.


Message History

You shoot an arrow. The arrow barely misses the ice beast.
An adder comes into view.
The ice beast hits you but does no damage. x2
You shoot an arrow. The arrow barely misses the ice beast.
The adder hisses angrily.
The ice beast barely misses you.
You shoot an arrow. The arrow closely misses the ice beast.
The ice beast barely misses you. x2
You shoot an arrow. The arrow hits the ice beast.
The ice beast is severely wounded.
The ice beast barely misses you.
You shoot an arrow. The arrow hits the ice beast.
The ice beast is severely wounded.
The ice beast hits you.
* * * LOW HITPOINT WARNING * * *
The ice beast freezes you!
* * * LOW HITPOINT WARNING * * *
The ice beast closely misses you.
You shoot an arrow. The arrow barely misses the ice beast.
The arrow hits the adder!
The adder is severely wounded.
The ice beast hits you but does no damage. x2
You shoot an arrow. The arrow hits the ice beast.
The ice beast is severely wounded.
The ice beast barely misses you.
Okay, then.
Okay, then.
Unknown command.
Sorry, you're not good enough to have a special ability.
Unknown command.
Okay, then.
Unknown command.
Unknown command.
Really read the scroll of immolation?
As you read the scroll of immolation, it crumbles to dust.
The creatures around you are filled with an inner flame!
The ice beast hits you.
* * * LOW HITPOINT WARNING * * *
The ice beast freezes you!
You die...

.....# #.# .....# ### #.#
~~ .....# ##.###.### P~.
...#####.#......# #+...
...####.###.....# #...♣~
<..#...####.....# #......
..........#.....###.......
##..####P.......##........
#### #........@YS.......
#......####...!....
#...#.## ##..).... #...###
#.....# ...# #...## #+##


You could see an ice beast (inner flame) and an adder (inner flame).

Vanquished Creatures
  Pargi (Sewer)
  A phantom (D:4)
  A necrophage (D:4)
  An orc priest (D:5)
  A hound (D:5)
  Jessica (D:3)
  4 iguanas
  Natasha (thrice) (D:2)
  An orc wizard (D:5)
  4 adders
  A shadow imp (D:5)
  2 dart slugs
  12 orcs
  2 ball pythons (D:1)
  4 endoplasms
  4 giant cockroaches
  3 goblins
  7 hobgoblins
  7 kobolds
  4 quokkas
  8 bats
  3 frilled lizards
  4 rats
79 creatures vanquished.

Vanquished Creatures (others)
  2 plants (D:5)
2 creatures vanquished.

Grand Total: 81 creatures vanquished

Notes
Turn   | Place    | Note
-------+----------+-------------------------------------------
     0 | D:1      | Twinkles the Gargoyle Hunter began the quest for the Orb.
     0 | D:1      | Reached XP level 1. HP: 12/12 MP: 1/1
   231 | D:1      | Reached XP level 2. HP: 17/18 MP: 2/2
   690 | D:2      | Noticed Natasha
   701 | D:2      | Killed Natasha
   702 | D:2      | Reached XP level 3. HP: 20/22 MP: 3/3
   827 | D:2      | Noticed Natasha
   838 | D:2      | Killed Natasha
   839 | D:2      | Reached XP level 4. HP: 23/28 MP: 4/4
   929 | D:2      | Noticed Natasha
  1106 | D:2      | Killed Natasha
  1107 | D:2      | Reached XP level 5. HP: 17/32 MP: 5/5
  1229 | D:3      | Noticed Jessica
  1232 | D:3      | Killed Jessica
  1425 | D:3      | Found an opulent altar of Gozag.
  1634 | D:3      | Identified the +3 chain mail of an ossuary {rF+ Str+4
                  | Dex+5}
  1689 | D:3      | You fall into a shaft and drop 3 floors!
  1933 | D:5      | Entered Level 5 of the Dungeon
  1946 | D:5      | HP: 9/32 [orc priest/+0 flail (3)]
  1948 | D:5      | Reached XP level 6. HP: 7/38 MP: 6/6
  1952 | D:5      | HP: 6/38 [orc/+0 club (2)]
  1961 | D:6      | HP: 5/38 [orc/+0 dagger (2)]
  1964 | D:6      | Noticed a water moccasin
  1966 | D:6      | HP: 2/38 [orc/+0 dagger (2)]
  1987 | D:5      | Reached skill level 5 in Ranged Weapons
  2175 | D:4      | Found a glowing drain.
  2193 | D:4      | Reached XP level 7. HP: 34/44 MP: 7/7
  2210 | Sewer    | Entered a sewer
  2240 | Sewer    | Noticed Pargi
  2257 | Sewer    | Killed Pargi
  2427 | D:4      | Found an ornate altar of the Wu Jian Council.
  3270 | D:5      | HP: 10/44 [ice beast (10)]
  3277 | D:5      | HP: 10/44 [ice beast (3)]
  3277 | D:5      | HP: 3/44 [ice beast (7)]
  3280 | D:5      | HP: 1/44 [ice beast (3)]
  3280 | D:5      | Mangled by an ice beast

Illustrated notes

Levels and vault maps discovered:
D:1:      dpeg_arrival_three_same_balls, layout_loops_ring, item_on_display_a
D:2:      layout_rooms, uniq_natasha
D:3:      layout_loops_ring, led_xom_imps, nicolae_gozag_seed_capital,
          uniq_jessica
D:4:      layout_cave_pods, mainiacjoe_overflow_surrounded_room,
          cheibrodos_sewer_entry_drain, dk_noncrumbling_2
D:5:      corexii_shantytown, layout_loops_corners, temple_statues,
          grunt_decor_mini_mirrors, serial_bayou_pond_b,
          kennysheep_generic_room_4
D:6:      layout_gridville, nicolae_uskayaw_murder_on_the_dancefloor

Skill      XL: |  1  2  3  4  5  6 |
---------------+-------------------+-----
Dodging        | 2 3 |  3.5
Stealth        | 2 3 4 |  4.6
Fighting       | 3 4 |  4.7
Ranged Weapons | 5 |  5.6

Action                   |  1- 3 |  4- 6 |  7- 9 || total
-------------------------+-------+-------+-------++-------
 Fire: Shortbow          |    73 |   165 |    72 ||   310
  Use: Scroll            |       |     2 |     3 ||     5
       Potion            |       |     2 |       ||     2
Armor: Leather armour    |    14 |     4 |       ||    18
       Chain mail        |       |   125 |    74 ||   199
Dodge: Dodged            |    22 |    85 |    45 ||   152

Table legend: (Time is in decaauts)
 A = Elapsed time spent in this place.
 B = Non-inter-level travel time spent in this place.
 C = Inter-level travel time spent in this place.
 D = Time resting spent in this place.
 E = Time spent auto-exploring this place.
 F = Levels seen in this place.
 G = Mean time per level.
                   A        B        C        D        E       F      G
               +--------+--------+--------+--------+--------+-----+--------+
         Total |   3470 |   3324 |    146 |    100 |   2457 |   7 |  495.7 |
       Dungeon |   3345 |   3199 |    146 |    100 |   2393 |   6 |  557.5 |
         Sewer |    125 |    125 |      0 |      0 |     64 |   1 |  125.0 |
               +--------+--------+--------+--------+--------+-----+--------+

Top non-repeatable levels by time:
     D:4: 1009 daAuts
     D:1: 701 daAuts
     D:2: 585 daAuts
     D:3: 470 daAuts
     D:5: 308 daAuts
     D:6: 269 daAuts
   Sewer: 125 daAuts
